 Dungeon Crawl Stone Soup version 0.30-a0-757-ga6a79fd877 (webtiles) character file.

Game seed: 3023288663451169067

861 jlumianski the Chopper (level 7, -4/55 HPs)
             Began as a Demonspawn Fighter on Feb 10, 2023.
             Was an Initiate of Qazlal.
             Slain by an ogre
             ... wielding a +0 giant club
              (20 damage)
             ... on level 4 of the Dungeon.
             The game lasted 00:24:52 (4183 turns).

jlumianski the Chopper (Demonspawn Fighter)         Turns: 4183, Time: 00:24:52

Health: -4/55      AC: 10    Str: 18    XL:     7   Next: 71%
Magic:  7/7        EV: 10    Int:  9    God:    Qazlal [......]
Gold:   220        SH:  0    Dex: 13    Spells: 6/6 levels left

rFire   . . .      SeeInvis .    a - +1 war axe
rCold   . . .      Faith    .    (no shield)
rNeg    . . .      Spirit   .    n - +2 scale mail {rPois}
rPois   +          Reflect  .    p - +0 helmet
rElec   .          Harm     .    (no cloak)
rCorr   .          Rampage  .    (no gloves)
Will    .....                    (no boots) Stlth
                                 (no amulet)
HPRegen 1.29/turn                (no ring)
MPRegen 0.10/turn                (no ring)

@: no status effects
A: powered by death 1, demonic touch 1
a: Renounce Religion


You were on level 4 of the Dungeon.
You worshipped Qazlal.
Qazlal was noncommittal.
You visited 2 branches of the dungeon, and saw 6 of its levels.
You also visited: Sewer.

You collected 220 gold pieces.

Inventory:

Hand Weapons
 a - a +1 war axe (weapon)
Missiles
 g - 33 stones (quivered)
 w - 4 poisoned darts
Armour
 b - a +0 scale mail
 c - a +0 buckler
 n - a +2 scale mail of poison resistance (worn)
 p - a +0 helmet (worn)
 t - a +0 pair of gloves
Magical Staves
 i - a staff of earth
Wands
 v - a wand of mindburst (12)
Scrolls
 d - a scroll of poison {unknown}
 e - a scroll of enchant armour {unknown}
 h - a scroll of enchant weapon
 j - a scroll of teleportation {unknown}
 l - a scroll of amnesia
 m - a scroll of fog {unknown}
 q - 2 scrolls of identify {unknown}
 r - a scroll of noise {unknown}
 s - a scroll of torment {unknown}
 u - a scroll of acquirement {unknown}
 y - a scroll of immolation {unknown}
Potions
 f - 4 potions of curing
 k - 2 potions of degeneration {unknown}
 o - a potion of resistance {unknown}
 x - 2 potions of flight
 z - 2 potions of heal wounds
 A - a potion of attraction {unknown}
 B - a potion of lignification {unknown}


   Skills:
 * Level 4.8 Fighting
 + Level 5.6 Axes
 + Level 4.4 Armour
 + Level 1.7 Dodging
 - Level 0.4 Stealth
 + Level 3.3 Shields
 * Level 0.6 Invocations


You had 6 spell levels left.
You didn't know any spells.
Your spell library contained the following spells:

 Spells                   Type           Power      Damage    Failure   Level
 Kiss of Death            Conj/Necr      0%         2d5       77%         1
 Slow                     Hex            0%         N/A       77%         1
 Confusing Touch          Hex            0%         N/A       98%         3
 Vampiric Draining        Necr           0%         2d6       98%         3
 Dispel Undead            Necr           0%         3d6       100%        4


Dungeon Overview and Level Annotations

Branches:
Dungeon (5/15)             Temple (1/1) D:5           Sewer (visited)

Altars:
Ashenzari
Cheibriados
Dithmenos
Fedhas
Gozag
Kikubaaqudgha
Makhleb
Nemelex Xobeh
Okawaru
Qazlal
Ru
Sif Muna
Trog
Uskayaw
Vehumet
Xom


Innate Abilities, Weirdness & Mutations

You regenerate a little health from kills.
Your touch may inflict minor irresistible damage on your foes.


Message History

There is an opulent altar of Gozag here.
There is a glowing silver altar of Zin here.
Why would you want to do that? Why would you want to do that?
Why would you want to do that? Why would you want to do that?
Why would you want to do that? Why would you want to do that?
Why would you want to do that? Why would you want to do that?
Why would you want to do that?
There is a staircase back to the Dungeon here.
You climb upwards.
Welcome back to the Dungeon!
The kobold brigand throws a poisoned dart.
The poisoned dart closely misses you. The ogre hits you with a +0 giant club!
The kobold barely misses you.
There is a staircase to the Ecumenical Temple, spattered with blood here.
The ogre barely misses you.
There is a fountain of clear blue water here.
The kobold attacks as you move away! The kobold hits you but does no damage.
Found a stone staircase leading down.
The ogre attacks as you move away! The ogre barely misses you.
There is an escape hatch in the ceiling here.
The kobold brigand throws a poisoned dart.
The poisoned dart closely misses you. The ogre closely misses you.
A mysterious force pulls you upwards. The hatch slams shut behind you.
The scorpion stings you.
You closely miss the scorpion. You slash the ogre! The scorpion stings you.
The scorpion completely misses you.
You slash the scorpion!
You touch the scorpion.
You kill the scorpion!
Qazlal accepts your kill.
You hit the ogre.
The ogre hits you with a +0 giant club!!
The ogre attacks as you move away! The ogre hits you with a +0 giant club!
* * * LOW HITPOINT WARNING * * *
You slash the ogre!
The ogre is severely wounded.
The ogre hits you with a +0 giant club!!
You die...

#.....#
#...###
#.#.#
#....
#...
#.#.##
##...
#.#>#
....
#.###
#..#
..####..#
........#
#@# #O#
#.# #.#
..# ###


You could see an ogre.

Vanquished Creatures
  Sigmund (D:2)
  A phantom (Temple)
  2 kobold brigands (Sewer)
  A scorpion (D:4)
  2 hounds (D:4)
  An orc priest (D:3)
  Jessica (D:3)
  Terence (D:3)
  An iguana (D:5)
  Natasha (twice) (D:3)
  Robin (D:2)
  3 gnolls (D:4)
  2 river rats (Sewer)
  3 adders
  4 worms
  A dart slug (D:2)
  8 orcs
  8 endoplasms
  6 giant cockroaches
  20 goblins
  7 hobgoblins
  4 jackals
  8 kobolds
  A quokka (D:2)
  11 ball pythons
  4 bats
  5 frilled lizards
  7 rats
116 creatures vanquished.

Notes
Turn   | Place    | Note
-------+----------+-------------------------------------------
     0 | D:1      | jlumianski the Demonspawn Fighter began the quest for the
                  | Orb.
     0 | D:1      | Reached XP level 1. HP: 18/18 MP: 1/1
   309 | D:1      | Gained mutation: You regenerate a little health from kills.
                  | [demonic ancestry]
   309 | D:1      | Reached XP level 2. HP: 22/24 MP: 2/2
   378 | D:1      | Reached skill level 2 in Axes
   933 | D:1      | Found a faded altar of an unknown god.
  1017 | D:1      | Reached XP level 3. HP: 29/29 MP: 3/3
  1412 | D:2      | Noticed Robin
  1465 | D:2      | Killed Robin
  1663 | D:2      | Reached skill level 3 in Axes
  1663 | D:2      | Reached XP level 4. HP: 28/35 MP: 4/4
  1897 | D:2      | Noticed Sigmund
  1912 | D:2      | Killed Sigmund
  1913 | D:2      | Reached skill level 4 in Axes
  1913 | D:2      | Gained mutation: Your touch may inflict minor irresistible
                  | damage on your foes. [demonic ancestry]
  1913 | D:2      | Reached XP level 5. HP: 4/41 MP: 5/5
  2300 | D:3      | Reached XP level 6. HP: 47/47 MP: 6/6
  2407 | D:3      | Found a shimmering altar of Xom.
  2699 | D:3      | Noticed Jessica
  2702 | D:3      | Killed Jessica
  2703 | D:3      | Reached skill level 1 in Dodging
  2758 | D:3      | Noticed Natasha
  2760 | D:3      | Killed Natasha
  2774 | D:3      | Noticed Terence
  2794 | D:3      | Killed Terence
  2853 | D:3      | Noticed Natasha
  2862 | D:3      | Killed Natasha
  3220 | D:5      | Entered Level 5 of the Dungeon
  3248 | D:5      | Found a glowing drain.
  3274 | Sewer    | Entered a sewer
  3462 | Sewer    | Reached skill level 5 in Axes
  3462 | Sewer    | Reached XP level 7. HP: 20/52 MP: 7/7
  3943 | D:5      | Found a staircase to the Ecumenical Temple.
  3984 | Temple   | Entered the Ecumenical Temple
  4089 | Temple   | Became a worshipper of Qazlal Stormbringer
  4183 | D:4      | Slain by an ogre

Illustrated notes

Levels and vault maps discovered:
D:1:      nzn_arrival_depleted_hourglass, layout_basic,
          dreamdust_ecumenical_altar_sealed_demon
D:2:      layout_loops_cross, uniq_robin, uniq_sigmund
D:3:      layout_rooms, xom_redecorated, elyvilon_altar_1, grunt_ministairs_4,
          chequers_serial_rivers_large_b, chequers_jeans, uniq_natasha,
          uniq_terence, uniq_jessica
D:4:      layout_basic
D:5:      layout_loops_ring, minmay_temple_entry_statues_fountains,
          portal_sewer_entry_a
Temple:   minmay_temple_bridge_d

Skill      XL: |  1  2  3  4  5  6 |
---------------+-------------------+-----
Axes           | 2 3 4 5 |  5.6
Armour         | 3 4 |  4.4
Shields        | 3 |  3.3
Dodging        | 1 |  1.7
Fighting       | 4 |  4.8
Stealth        | |  0.4
Invocations    | |  0.6

Action                     |  1- 3 |  4- 6 |  7- 9 || total
---------------------------+-------+-------+-------++-------
  Melee: War axe           |   133 |   162 |    42 ||   337
         Touch             |       |    19 |     7 ||    26
         Punch             |       |     4 |       ||     4
    Use: Potion            |       |     2 |       ||     2
         Scroll            |       |     2 |       ||     2
 Armour: Scale mail        |    57 |    98 |    23 ||   178
  Dodge: Dodged            |    57 |    80 |    37 ||   174
  Block: Buckler           |    36 |     2 |       ||    38

Table legend: (Time is in decaauts)
 A = Elapsed time spent in this place.
 B = Non-inter-level travel time spent in this place.
 C = Inter-level travel time spent in this place.
 D = Time resting spent in this place.
 E = Time spent auto-exploring this place.
 F = Levels seen in this place.
 G = Mean time per level.
                   A        B        C        D        E       F      G
               +--------+--------+--------+--------+--------+-----+--------+
         Total |   4387 |   4329 |     58 |    524 |   2044 |   7 |  626.7 |
       Dungeon |   3663 |   3605 |     58 |    321 |   1892 |   5 |  732.6 |
        Temple |    189 |    189 |      0 |      0 |     62 |   1 |  189.0 |
         Sewer |    533 |    533 |      0 |    203 |     90 |   1 |  533.0 |
               +--------+--------+--------+--------+--------+-----+--------+

Top non-repeatable levels by time:
     D:1: 1245 daAuts
     D:3: 979 daAuts
     D:2: 923 daAuts
   Sewer: 533 daAuts
     D:4: 361 daAuts
  Temple: 189 daAuts
     D:5: 154 daAuts
